 Dungeon Crawl Stone Soup version 0.31.0-9-g3a7656b989 (webtiles) character file.

Game seed: 9801293579585416045

1 qw the Shooter (level 1, -1/12 HPs)
             Began as a Deep Elf Hunter on Feb 2, 2024.
             Slain by a quokka (3 damage)
             ... on level 1 of the Dungeon.
             The game lasted 00:00:00 (19 turns).

qw the Shooter (Deep Elf Hunter)                      Turns: 19, Time: 00:00:00

Health: -1/12      AC:  3    Str:  8    XL:     1   Next: 16%
Magic:  3/3        EV: 12    Int: 13    God:
Gold:   0          SH:  0    Dex: 18    Spells: 0/0 levels left

rFire   . . .        a - +0 shortbow
rCold   . . .        (shield currently unavailable)
rNeg    . . .        c - +0 leather armour
rPois   .            (no helmet)
rElec   .            (no cloak)
rCorr   .            (no gloves)
SInv    .            (no boots)
Will    .....        (no amulet)
Stlth   ++           (no ring)
HPRegen 0.22/turn    (no ring)
MPRegen 0.08/turn

%: no passive effects
@: no status effects
A: no striking features
a: no special abilities


You were on level 1 of the Dungeon.
You visited 1 branch of the dungeon, and saw 1 of its levels.


   Skills:
 - Level 1.5 Fighting
 + Level 5.4 Ranged Weapons
 - Level 2.4 Dodging
 - Level 1.2 Stealth


You couldn't memorise any spells.
You didn't know any spells.
Your spell library was empty.

Inventory:

Hand Weapons
 a - a +0 shortbow (weapon)
Armour
 c - a +0 leather armour (worn)
Scrolls
 b - a scroll of butterflies

Dungeon Overview and Level Annotations

Branches:
Dungeon (1/15)

Altars:


Message History

You open the large door.
There is a large open door here.
A rat, a quokka, a ball python and a frilled lizard come into view.
Found a stone staircase leading down.
The frilled lizard hisses angrily.
You shoot an arrow. The ball python hisses angrily.
The arrow hits the frilled lizard!
You kill the frilled lizard!
You shoot an arrow.
The arrow barely misses the ball python.
You shoot an arrow.
The arrow hits the ball python but does no damage.
You shoot an arrow.
The arrow completely misses the ball python.
The ball python bites you but does no damage.
The ball python grabs you. The ball python constricts you.
You shoot an arrow.
The arrow closely misses the ball python.
The ball python misses you. The ball python constricts you.
The quokka bites you. The ball python barely misses you.
The ball python constricts you.
You shoot an arrow. The arrow hits the ball python.
The ball python is moderately wounded.
The quokka bites you but does no damage.
The rat bites you. The ball python closely misses you.
The ball python constricts you. The quokka barely misses you.
The rat bites you but does no damage.
You shoot an arrow. The arrow hits the ball python.
You kill the ball python!
The quokka barely misses you. The rat bites you but does no damage.
You shoot an arrow. The arrow misses the quokka.
The quokka barely misses you. The rat bites you. The quokka bites you.
You shoot an arrow. The arrow hits the quokka.
The quokka is heavily wounded.
The rat misses you. The quokka bites you.
You shoot an arrow. The arrow closely misses the quokka.
The quokka bites you but does no damage.
The rat barely misses you. The quokka bites you.
You die...

####### ###~~¤~~~#
##### ##~~~~¤¤~¤~
...... #~~~¤~#¤~~~
...... ##~¤~~¤~¤¤
......###~~#~~¤¤¤
........#¤~~~~####
......r.'.......<#
#.....r@'..¤¤¤¤.>#
......%##¤¤¤¤~####
..#.... #~~#¤¤¤~~
....... ##~~~¤~~~~
....... #~¤~¤~#¤¤¤
....... ##~~~~~¤¤¤
....... ###~¤~~¤~
......>


You could see a quokka and a rat.

Vanquished Creatures
  A ball python (D:1)
  A frilled lizard (D:1)
2 creatures vanquished.

Notes
Turn   | Place    | Note
-------+----------+-------------------------------------------
     0 | D:1      | qw the Deep Elf Hunter began the quest for the Orb.
     0 | D:1      | Reached XP level 1. HP: 12/12 MP: 3/3
     0 | D:1      | 0 ||| qw: Version: 0.3-a-155-g5e7d8dd
     0 | D:1      | 0 ||| qw: Game counter: 2437
     0 | D:1      | 0 ||| qw: Melee chars always use a shield: true
     0 | D:1      | 0 ||| qw: God list: Okawaru
     0 | D:1      | 0 ||| qw: Allow faded altars: false
     0 | D:1      | 0 ||| qw: Do Orc after clearing Dungeon:15 true
     0 | D:1      | 0 ||| qw: Do second Lair branch before Depths: true
     0 | D:1      | 0 ||| qw: Lair rune preference: random
     0 | D:1      | 0 ||| qw: Goals: Normal
     0 | D:1      | 0 ||| PLANNING D:1-11
    17 | D:1      | HP: 3/12 [quokka (4)]
    19 | D:1      | Slain by a quokka

Levels and vault maps discovered:
D:1:      lightli_molten_gateway, layout_basic, minmay_door_square

Action                     || total
---------------------------++-------
   Fire: Shortbow          ||    10
 Armour: Leather armour    ||    11
  Dodge: Dodged            ||     8

Table legend:
 A = Non-vault XP
 B = Vault XP
 C = Vault XP percentage of total XP
 D = Non-vault monster count
 E = Vault monster count
 F = Vault count percentage of total count
                 A         B        C        D         E       F
            +---------+---------+-------+---------+---------+-------
      Total |       2 |       0 |   0.0 |       2 |       0 |   0.0
            +---------+---------+-------+---------+---------+-------
        D:1 |       2 |       0 |   0.0 |       2 |       0 |   0.0
            +---------+---------+-------+---------+---------+-------
